XFBL
TORONTO BLUE JAYS @ CALIFORNIA ANGELS
09/11/1982
 
TOP OF THE 1ST
Toronto Blue Jays batting - Pitching for California Angels : RHP Eric Prevost
Pitching: RHP Eric Prevost
Batting: SHB Harold Reynolds 0-0: Bunt for hit to 25 - play at first, batter safe!
Batting: RHB Jose Gonzalez 0-0: Ball
1-0: Ball
2-0: Swinging Strike
2-1: Ball
3-1: DOUBLE (Groundball, 3L, EV 103.8 MPH)
Harold Reynolds to third
Runner from 3rd tries for Home, SAFE, no throw by RF
Batting: LHB Chad Daley 0-0: Ball
1-0: Ball
2-0: Foul Ball, location: 2F
2-1: Swinging Strike
2-2: DOUBLE (Line Drive, 89D, EV 106.9 MPH)
Jose Gonzalez scores
Batting: RHB Andres Galarraga 0-0: Fly out, F8 (Line Drive, 8RD, EV 101.3 MPH)
Batting: LHB Steve Stroughter 0-0: Called Strike
0-1: Ground out 6-3 (Groundball, 6S, EV 66.3 MPH)
Chad Daley to third
Batting: RHB Cal Ripken 0-0: Ball
1-0: DOUBLE (Line Drive, 89D, EV 109.4 MPH)
Chad Daley scores
Batting: RHB Amos Otis 0-0: Called Strike
0-1: Swinging Strike
0-2: Ball
1-2: Ball
2-2: Foul Ball, location: 2F
2-2: Foul Ball, location: 2F
2-2: Strikes out swinging
Top of the 1st over - 3 runs, 4 hits, 0 errors, 1 left on base; Toronto 3 - California 0
BOTTOM OF THE 1ST
California Angels batting - Pitching for Toronto Blue Jays : LHP Dave Kamhi
Pitching: LHP Dave Kamhi
Batting: RHB Frank White 0-0: Called Strike
0-1: SINGLE (Line Drive, 8RS, EV 97.5 MPH)
Batting: RHB Jeff Atherton 0-0: Called Strike
Frank White steals 2nd base
0-1: Called Strike
0-2: Foul Ball, location: 2F
0-2: Ball
1-2: Foul Ball, location: 2F
1-2: Ball
2-2: Ball
3-2: Ground out U3 (Groundball, 3, EV 85.6 MPH)
Frank White to third
Batting: LHB Brian Rosinski 0-0: Ball
1-0: Swinging Strike
1-1: Foul Ball, location: 2F
1-2: Foul Ball, location: 2F
1-2: Strikes out swinging
Batting: LHB Jason D Thompson 0-0: SINGLE (Flyball, 6MD, EV 96.3 MPH)
Frank White scores
Batting: RHB Charlie Moore 0-0: Called Strike
0-1: SINGLE (Groundball, 34S, EV 71.3 MPH) (infield hit)
Jason D Thompson to second
Batting: RHB Carlos Pimentel 0-0: Called Strike
0-1: Fielders Choice at 2nd, 6-4 (Groundball, 6, EV 100.6 MPH)
Bottom of the 1st over - 1 run, 3 hits, 0 errors, 2 left on base; Toronto 3 - California 1
TOP OF THE 2ND
Toronto Blue Jays batting - Pitching for California Angels : RHP Eric Prevost
Batting: RHB Jason Adams 0-0: Foul Ball, location: 2F
0-1: Ball
1-1: Fly out, F7 (Flyball, 7LS, EV 78.8 MPH)
Batting: RHB Jose Carrillo 0-0: Swinging Strike
0-1: Called Strike
0-2: Ball
1-2: Strikes out swinging, 2-3 out at first.
Batting: SHB Harold Reynolds 0-0: Ball
1-0: Called Strike
1-1: DOUBLE (Line Drive, 7LS, EV 93.1 MPH)
Batting: RHB Jose Gonzalez 0-0: Ball
1-0: Foul Ball, location: 2F
1-1: Ball
2-1: Called Strike
2-2: Foul Ball, location: 2F
2-2: Foul Ball, location: 2F
2-2: Fly out, F9 (Flyball, 89XD, EV 100.6 MPH)
Top of the 2nd over - 0 runs, 1 hit, 0 errors, 1 left on base; Toronto 3 - California 1
BOTTOM OF THE 2ND
California Angels batting - Pitching for Toronto Blue Jays : LHP Dave Kamhi
Batting: RHB Duke Hinds 0-0: Ball
1-0: Swinging Strike
1-1: Foul Ball, location: 2F
1-2: Ball
2-2: Foul Ball, location: 2F
2-2: Foul Ball, location: 2F
2-2: Foul Ball, location: 2F
2-2: SINGLE (Line Drive, 89S, EV 93.1 MPH)
Batting: SHB Manny Castillo 0-0: Ball
1-0: Ball
2-0: Ball
3-0: Called Strike
3-1: DOUBLE (Line Drive, 8LXD, EV 100.6 MPH)
Duke Hinds to third
Batting: SHB Ignacio Medina 0-0: Hit by Pitch
Batting: RHB Frank White 0-0: Foul Ball, location: 2F
0-1: Ball
1-1: Called Strike
1-2: Foul Ball, location: 2F
1-2: Fielders Choice at 2nd, 5-4 (Groundball, 56S, EV 76.9 MPH)
Duke Hinds scores
Manny Castillo to third
Batting: RHB Jeff Atherton 0-0: Foul Ball, location: 2F
0-1: Called Strike
0-2: Ball
1-2: Fielders Choice at 2nd, 4-6 (Groundball, 4, EV 83.1 MPH)
Manny Castillo scores
Batting: LHB Brian Rosinski 0-0: Ball
1-0: Ball
2-0: Ball
3-0: Called Strike
3-1: Foul Ball, location: 2F
3-2: Foul Ball, location: 2F
3-2: Foul Ball, location: 2F
3-2: Ground out 6-3 (Groundball, 6, EV 77.5 MPH)
Bottom of the 2nd over - 2 runs, 2 hits, 0 errors, 1 left on base; Toronto 3 - California 3
TOP OF THE 3RD
Toronto Blue Jays batting - Pitching for California Angels : RHP Eric Prevost
Batting: LHB Chad Daley 0-0: Called Strike
0-1: Ball
1-1: SINGLE (Groundball, 3D, EV 96.9 MPH)
Batting: RHB Andres Galarraga 0-0: Called Strike
0-1: Foul Ball, location: 2F
0-2: Ball
1-2: Foul Ball, location: 2F
1-2: Ball
Wild Pitch!
Chad Daley to second
2-2: Ball
3-2: Strikes out looking
Batting: LHB Steve Stroughter 0-0: Fly out, F6 (Flyball, 56D, EV 87.5 MPH)
Batting: RHB Cal Ripken 0-0: Called Strike
0-1: Ground out 4-3 (Groundball, 4D, EV 108.8 MPH)
Top of the 3rd over - 0 runs, 1 hit, 0 errors, 1 left on base; Toronto 3 - California 3
BOTTOM OF THE 3RD
California Angels batting - Pitching for Toronto Blue Jays : LHP Dave Kamhi
Pitching: LHP Tom Deidel
Batting: LHB Jason D Thompson 0-0: Called Strike
0-1: SINGLE (Groundball, 4MD, EV 94.4 MPH)
Batting: RHB Charlie Moore 0-0: Foul Ball, location: 2F
0-1: Ball
1-1: Called Strike
1-2: Ball
2-2: Foul Ball, location: 2F
2-2: Ball
3-2: Base on Balls
Jason D Thompson to second
Batting: RHB Carlos Pimentel 0-0: Foul Ball, location: 2F
0-1: Ball
1-1: 3-RUN HOME RUN (Flyball, 78XD, EV 98.1 MPH), Distance : 443 ft
Pitching: RHP Nick Piazza
Batting: RHB Duke Hinds 0-0: Ball
1-0: Ball
2-0: Swinging Strike
2-1: TRIPLE (Flyball, 9LD, EV 111.9 MPH)
Batting: SHB Manny Castillo 0-0: Ground out 1-3 (Groundball, 25, EV 66.3 MPH)
Batting: SHB Ignacio Medina 0-0: Called Strike
0-1: Ball
1-1: Ball
2-1: SINGLE (Groundball, 34D, EV 110.0 MPH)
Duke Hinds scores
Batting: RHB Frank White 0-0: Called Strike
0-1: SINGLE (Line Drive, 3D, EV 100.0 MPH)
Ignacio Medina to second
Runner from 2nd tries for 3rd, SAFE, no throw by RF
Batting: RHB Jeff Atherton 0-0: Ball
1-0: SINGLE (Groundball, 4MD, EV 96.9 MPH)
Ignacio Medina scores
Frank White to second
Runner from 2nd tries for 3rd, SAFE, no throw by CF
Batting: LHB Brian Rosinski 0-0: Ball
1-0: Ball
2-0: Ball
3-0: Called Strike
3-1: Foul Ball, location: 2F
3-2: Foul Ball, location: 2F
3-2: Foul Ball, location: 2F
3-2: Foul Ball, location: 2F
3-2: Strikes out looking
Batting: LHB Jason D Thompson 0-0: Called Strike
0-1: Ball
1-1: Fly out, F8 (Flyball, 8RD, EV 86.9 MPH)
Bottom of the 3rd over - 5 runs, 6 hits, 0 errors, 2 left on base; Toronto 3 - California 8
TOP OF THE 4TH
Toronto Blue Jays batting - Pitching for California Angels : RHP Eric Prevost
Batting: RHB Amos Otis 0-0: Foul Ball, location: 2F
0-1: Swinging Strike
0-2: Strikes out swinging
Batting: RHB Jason Adams 0-0: Ball
1-0: Called Strike
1-1: Ball
2-1: Ball
3-1: Called Strike
3-2: SOLO HOME RUN (Flyball, 89XD, EV 103.8 MPH), Distance : 386 ft
Batting: RHB Jose Carrillo 0-0: Ball
1-0: Ball
2-0: Fly out, F8 (Flyball, 8RS, EV 92.5 MPH)
Batting: SHB Harold Reynolds 0-0: Ball
1-0: Called Strike
1-1: SINGLE (Groundball, 4MD, EV 111.3 MPH)
Batting: RHB Jose Gonzalez 0-0: Ball
1-0: SINGLE (Groundball, 4MD, EV 99.4 MPH)
Harold Reynolds to second
Runner from 2nd tries for 3rd, SAFE, no throw by CF
Batting: LHB Chad Daley 0-0: Foul Ball, location: 2F
0-1: Foul Ball, location: 2F
0-2: Fly out, F4 (Popup, 4, EV 68.1 MPH)
Top of the 4th over - 1 run, 3 hits, 0 errors, 2 left on base; Toronto 4 - California 8
BOTTOM OF THE 4TH
California Angels batting - Pitching for Toronto Blue Jays : RHP Nick Piazza
Batting: RHB Charlie Moore 0-0: Ball
1-0: Ball
2-0: Fly out, F9 (Flyball, 9D, EV 80.0 MPH)
Batting: RHB Carlos Pimentel 0-0: Ball
1-0: Fly out, F3 (Popup, 3SF, EV 83.1 MPH)
Batting: RHB Duke Hinds 0-0: Swinging Strike
0-1: Ball
1-1: Called Strike
1-2: Ball
2-2: Strikes out looking
Bottom of the 4th over - 0 runs, 0 hits, 0 errors, 0 left on base; Toronto 4 - California 8
TOP OF THE 5TH
Toronto Blue Jays batting - Pitching for California Angels : RHP Eric Prevost
Batting: RHB Andres Galarraga 0-0: Swinging Strike
0-1: Swinging Strike
0-2: Strikes out swinging
Batting: LHB Steve Stroughter 0-0: Called Strike
0-1: Ground out 4-3 (Groundball, 4, EV 81.9 MPH)
Batting: RHB Cal Ripken 0-0: Fly out, F9 (Flyball, 89M, EV 92.5 MPH)
Top of the 5th over - 0 runs, 0 hits, 0 errors, 0 left on base; Toronto 4 - California 8
BOTTOM OF THE 5TH
California Angels batting - Pitching for Toronto Blue Jays : RHP Nick Piazza
Batting: SHB Manny Castillo 0-0: Ball
1-0: Foul Ball, location: 2F
1-1: Ball
2-1: Called Strike
2-2: Foul Ball, location: 2F
2-2: Ball
3-2: SINGLE (Line Drive, 78S, EV 113.1 MPH)
Batting: SHB Ignacio Medina 0-0: Ball
1-0: Ball
2-0: Bunted foul
2-1: Sac Bunt to 23 - play at first, batter OUT! 3-4
Manny Castillo to second
Batting: RHB Frank White 0-0: Ball
1-0: Ground out 4-3 (Groundball, 4, EV 82.5 MPH)
Manny Castillo to third
Batting: RHB Jeff Atherton 0-0: Ball
1-0: Ball
2-0: Reached on error, E4 (Groundball, 34, EV 97.5 MPH)
Manny Castillo scores
Batting: LHB Brian Rosinski 0-0: Ball
1-0: Swinging Strike
1-1: Swinging Strike
1-2: Ball
2-2: Strikes out looking
Bottom of the 5th over - 1 run, 1 hit, 1 error, 1 left on base; Toronto 4 - California 9
TOP OF THE 6TH
Toronto Blue Jays batting - Pitching for California Angels : RHP Eric Prevost
Batting: RHB Amos Otis 0-0: Called Strike
0-1: Ball
1-1: Ground out 6-3 (Groundball, 6S, EV 87.5 MPH)
Batting: RHB Jason Adams 0-0: Foul Ball, location: 2F
0-1: Ball
1-1: Foul Ball, location: 2F
1-2: Ball
2-2: Foul Ball, location: 2F
2-2: Foul Ball, location: 2F
2-2: Ball
3-2: Ground out 4-3 (Groundball, 4S, EV 85.0 MPH)
Batting: RHB Jose Carrillo 0-0: Ground out 3-1 (Groundball, 34S, EV 87.5 MPH)
Top of the 6th over - 0 runs, 0 hits, 0 errors, 0 left on base; Toronto 4 - California 9
BOTTOM OF THE 6TH
California Angels batting - Pitching for Toronto Blue Jays : RHP Nick Piazza
Batting: LHB Jason D Thompson 0-0: Ball
1-0: Ball
2-0: Swinging Strike
2-1: Called Strike
2-2: Foul Ball, location: 2F
2-2: Strikes out swinging
Batting: RHB Charlie Moore 0-0: Called Strike
0-1: Fly out, F8 (Flyball, 8RM, EV 88.1 MPH)
Pitching: RHP Armando Guzman
Batting: RHB Carlos Pimentel 0-0: Ball
1-0: Ball
2-0: Ball
3-0: Called Strike
3-1: Called Strike
3-2: Base on Balls
Batting: RHB Duke Hinds 0-0: Ball
1-0: Ball
2-0: Foul Ball, location: 2F
2-1: Foul Ball, location: 2F
2-2: Hit by Pitch
Carlos Pimentel to second
Batting: SHB Manny Castillo 0-0: Ball
1-0: Called Strike
1-1: Called Strike
1-2: Ball
2-2: Foul Ball, location: 2F
2-2: Ball
3-2: Base on Balls
Carlos Pimentel to third
Duke Hinds to second
Batting: SHB Ignacio Medina 0-0: Ball
1-0: Called Strike
1-1: Swinging Strike
1-2: Foul Ball, location: 2F
1-2: Ball
2-2: Strikes out swinging
Bottom of the 6th over - 0 runs, 0 hits, 0 errors, 3 left on base; Toronto 4 - California 9
TOP OF THE 7TH
Toronto Blue Jays batting - Pitching for California Angels : RHP Eric Prevost
Batting: SHB Harold Reynolds 0-0: Fly out, F4 (Flyball, 4D, EV 89.4 MPH)
Batting: RHB Jose Gonzalez 0-0: Fly out, F9 (Flyball, 9LM, EV 82.5 MPH)
Batting: LHB Chad Daley 0-0: Ball
1-0: Ball
2-0: Ball
3-0: Base on Balls
Batting: RHB Andres Galarraga 0-0: Ball
1-0: Ball
2-0: Called Strike
2-1: Ball
3-1: Fly out, F2 (Popup, 2L, EV 93.1 MPH)
Top of the 7th over - 0 runs, 0 hits, 0 errors, 1 left on base; Toronto 4 - California 9
BOTTOM OF THE 7TH
California Angels batting - Pitching for Toronto Blue Jays : RHP Armando Guzman
Batting: RHB Frank White 0-0: Fly out, F5 (Popup, 5SF, EV 81.3 MPH)
Batting: RHB Jeff Atherton 0-0: Called Strike
0-1: Swinging Strike
0-2: DOUBLE (Line Drive, 9LM, EV 107.5 MPH)
Batting: LHB Brian Rosinski 0-0: SINGLE (Flyball, 89S, EV 94.4 MPH)
Jeff Atherton to third
Batting: LHB Jason D Thompson 0-0: Ball
1-0: Ball
2-0: Called Strike
2-1: Foul Ball, location: 2F
2-2: Fly out, F8 (Flyball, 78M, EV 86.3 MPH)
Runner from 3rd tags up, SCORES, throw by CF
Batting: RHB Charlie Moore 0-0: Ball
1-0: Ball
2-0: Ground out 6-3 (Groundball, P, EV 80.0 MPH)
Bottom of the 7th over - 1 run, 2 hits, 0 errors, 1 left on base; Toronto 4 - California 10
TOP OF THE 8TH
Toronto Blue Jays batting - Pitching for California Angels : RHP Eric Prevost
Batting: LHB Steve Stroughter 0-0: Ball
1-0: Ground out 5-3 (Groundball, 56, EV 86.9 MPH)
Batting: RHB Cal Ripken 0-0: Ground out U3 (Groundball, 3L, EV 110.0 MPH)
Batting: RHB Amos Otis 0-0: Ball
1-0: Fly out, F7 (Flyball, 7D, EV 98.1 MPH)
Top of the 8th over - 0 runs, 0 hits, 0 errors, 0 left on base; Toronto 4 - California 10
BOTTOM OF THE 8TH
California Angels batting - Pitching for Toronto Blue Jays : RHP Armando Guzman
Pitching: RHP Ron Romanick
Batting: RHB Carlos Pimentel 0-0: Ball
1-0: Called Strike
1-1: Ground out 6-3 (Groundball, 6, EV 99.4 MPH)
Batting: RHB Duke Hinds 0-0: Called Strike
0-1: Ball
1-1: Ball
2-1: Ball
3-1: Called Strike
3-2: Base on Balls
Batting: SHB Manny Castillo 0-0: Called Strike
0-1: Ball
1-1: Foul Ball, location: 2F
1-2: Strikes out swinging
Batting: SHB Ignacio Medina 0-0: TRIPLE (Flyball, 78XD, EV 106.9 MPH)
Duke Hinds scores
Batting: RHB Frank White 0-0: Fly out, F7 (Line Drive, 7, EV 103.8 MPH)
Bottom of the 8th over - 1 run, 1 hit, 0 errors, 1 left on base; Toronto 4 - California 11
TOP OF THE 9TH
Toronto Blue Jays batting - Pitching for California Angels : RHP Eric Prevost
Batting: RHB Jason Adams 0-0: Called Strike
0-1: Ground out 6-3 (Groundball, 6MD, EV 85.6 MPH)
Batting: RHB Jose Carrillo 0-0: Called Strike
0-1: Foul Ball, location: 2F
0-2: Ball
1-2: Foul Ball, location: 2F
1-2: Foul Ball, location: 2F
1-2: Ball
2-2: Strikes out swinging
Batting: SHB Harold Reynolds 0-0: Called Strike
0-1: Ball
1-1: DOUBLE (Line Drive, 89D, EV 101.9 MPH)
Batting: RHB Jose Gonzalez 0-0: Called Strike
0-1: DOUBLE (Flyball, 8LXD, EV 99.4 MPH)
Harold Reynolds scores
Pitching: RHP Adrian Devine
Batting: LHB Chad Daley 0-0: Ball
1-0: Ball
2-0: Called Strike
2-1: Ground out U3 (Groundball, 3, EV 79.4 MPH)
Top of the 9th over - 1 run, 2 hits, 0 errors, 1 left on base; Toronto 5 - California 11
Friday, August 28th, 2020 - OOTP Baseball 21.5 Build 76